 Dungeon Crawl Stone Soup version 0.20.1-1-g8b1a95d (webtiles) character file.

78 Knicklaso the Ruffian (level 4, -3/35 HPs)
             Began as a Draconian Transmuter on July 30, 2017.
             Slain by Grinder (4 damage)
             ... on level 4 of the Dungeon.
             The game lasted 00:05:44 (2192 turns).

Knicklaso the Ruffian (Draconian Transmuter)        Turns: 2192, Time: 00:05:45

Health: -3/35      AC:  5    Str: 13    XL:     4   Next: 15%
Magic:  6/7        EV: 12    Int: 14    God:
Gold:   149        SH:  0    Dex: 11    Spells: 7/8 levels left

rFire    . . .     SeeInvis .     - Unarmed
rCold    . . .     Gourm    .   (no shield)
rNeg     . . .     Faith    .   (armour unavailable)
rPois    .         Spirit   .   (helmet restricted)
rElec    .         Reflect  .   (no cloak)
rCorr    .         Harm     .   (no gloves)
MR       .....                  (no boots)
Stlth    +.........             (no amulet)
Regen    0.2/turn               (no ring)
MPRegen  0.1/turn               (no ring)

@: appendage, hasted, very quick
A: unfitting armour, horns 2, cold-blooded, AC +5
a: End Transformation


You were on level 4 of the Dungeon.
You were near starving.
You had grown temporary horns.
You visited 1 branch of the dungeon, and saw 4 of its levels.

You collected 149 gold pieces.

Inventory:

Missiles
 a - 12 arrows
Jewellery
 l - an uncursed ring of fire {unknown}
Scrolls
 d - a scroll of recharging {unknown}
 f - 4 scrolls of teleportation {unknown}
 j - 2 scrolls of noise {unknown}
 k - a scroll of remove curse {unknown}
Potions
 e - 2 potions of magic
Books
 b - a book of Changes

   Spells                             Type                      Level
   a - Beastly Appendage              Transmutation                1
   b - Sticks to Snakes               Transmutation                2
   c - Spider Form                    Transmutation/Poison         3
   d - Ice Form                       Ice/Transmutation            4
   e - Blade Hands                    Transmutation                5
Comestibles
 c - a bread ration
 h - 2 meat rations
 i - a royal jelly


   Skills:
 - Level 1.1 Fighting
 - Level 1.7 Dodging
 * Level 4.1 Unarmed Combat
 + Level 2.5 Spellcasting
 + Level 2.8 Transmutations


You had 7 spell levels left.
You knew the following spells:

 Your Spells              Type           Power        Failure   Level  Hunger
a - Beastly Appendage     Tmut           #.....       7%          1    #......


Dungeon Overview and Level Annotations

Branches:
Dungeon (4/15)
 Temple: D:4-7

Altars:
Dithmenos
Gozag
Qazlal

Annotations:
D:4 Grinder


Innate Abilities, Weirdness & Mutations

Your plain brown scales are hard. (AC +5)
You cannot fit into any form of body armour.
You are cold-blooded and may be slowed by cold attacks.
You have a pair of horns on your head.


Message History

Grinder barely misses you.
You barely miss Grinder.
Grinder is moderately wounded.
You barely miss Grinder.
Grinder is moderately wounded.
Grinder barely misses you.
Casting: Beastly Appendage
Confirm with . or Enter, or press ? or * to list all spells.
You extend your transformation's duration.
You hit Grinder. Your headbutt misses Grinder.
Grinder is moderately wounded.
Grinder misses you.
You closely miss Grinder.
Your tail-slap misses Grinder.
Grinder is moderately wounded.
You hit Grinder.
Grinder is heavily wounded.
Grinder hits you.
* * * LOW HITPOINT WARNING * * *
You writhe in agony.
You die...

#.# #.#
#.# #.#
#.# #.#
###.##
#..<5####
#...@...+
#....####
#.#.##
#.### #.
#$ #.


You could see Grinder.

Vanquished Creatures
  2 adders (D:2)
  2 dart slugs (D:1)
  3 leopard geckos
  2 giant cockroaches
  8 hobgoblins
  6 bats
  7 frilled lizards
  8 goblins
  8 kobolds
  7 rats
53 creatures vanquished.

Notes
Turn   | Place    | Note
-------+----------+-------------------------------------------
     0 | D:1      | Knicklaso the Draconian Transmuter began the quest for the Orb.
     0 | D:1      | Reached XP level 1. HP: 16/16 MP: 3/3
   146 | D:1      | Reached XP level 2. HP: 17/23 MP: 5/5
   569 | D:1      | Reached XP level 3. HP: 28/28 MP: 4/6
   968 | D:2      | Found a stormy altar of Qazlal.
   968 | D:2      | Noticed a water elemental
   969 | D:2      | Noticed a fire elemental
   969 | D:2      | Noticed an air elemental
   969 | D:2      | Noticed an earth elemental
  1418 | D:2      | Found a shadowy altar of Dithmenos.
  1486 | D:2      | Reached skill level 4 in Unarmed Combat
  1583 | D:2      | Reached XP level 4. HP: 35/35 MP: 5/7
  2050 | D:3      | Found an opulent altar of Gozag.
  2164 | D:3      | Noticed Grinder
  2172 | D:3      | Paralysed by Grinder for 2 turns
  2192 | D:4      | HP: 1/35 [Grinder (6)]
  2192 | D:4      | Slain by Grinder

Skill      XL: |  1  2  3 |
---------------+----------+-----
Unarmed Combat | 4 |  4.1
Fighting       | |  1.1
Dodging        | |  1.7
Spellcasting   | |  2.5
Transmutations | |  2.8

Action                   |  1- 3 |  4- 6 || total
-------------------------+-------+-------++-------
Melee: Unarmed           |   141 |    25 ||   166
       Kick              |     7 |     1 ||     8
       Headbutt          |     9 |     1 ||    10
       Tailslap          |     5 |     3 ||     8
       Punch             |     1 |       ||     1
 Cast: Beastly Appendage |    18 |     8 ||    26
  Use: Potion            |       |     2 ||     2
  Eat: Chunk             |     2 |     1 ||     3
Armor: Skin              |    65 |     4 ||    69
Dodge: Dodged            |   126 |    13 ||   139
